 Dungeon Crawl Stone Soup version 0.23.2-33-g5129a83184 (webtiles) character file.

Game seed: 6929386571829699910

2 MalarOregon the Charmwright (level 1, 0/16 HPs)
             Began as a Merfolk Skald on Aug 5, 2019.
             Slain by a jackal (1 damage)
             ... on level 1 of the Dungeon.
             The game lasted 00:00:15 (34 turns).

MalarOregon the Charmwright (Merfolk Skald)           Turns: 34, Time: 00:00:16

Health: 0/16       AC:  3    Str: 11    XL:     1   Next: 30%
Magic:  3/3        EV: 12    Int: 12    God:
Gold:   0          SH:  0    Dex: 13    Spells: 3/4 levels left

rFire    . . .     SeeInvis .   a - +0 spear
rCold    . . .     Gourm    .   (no shield)
rNeg     . . .     Faith    .   b - +0 leather armour
rPois    .         Spirit   .   (no helmet)
rElec    .         Reflect  .   (no cloak)
rCorr    .         Harm     .   (no gloves)
MR       .....                  (no boots)
Stlth    +.........             (no amulet)
HPRegen  0.05/turn              (no ring)
MPRegen  0.08/turn              (no ring)

@: no status effects
A: change form in water, swift swim, stealthy swim
a: no special abilities


You were on level 1 of the Dungeon.
You were not hungry.

You visited 1 branch of the dungeon, and saw 1 of its levels.

Inventory:

Hand Weapons
 a - a +0 spear (weapon)
Armour
 b - a +0 leather armour (worn)
Comestibles
 e - a ration {!d}


   Skills:
 + Level 2.2 Fighting
 + Level 3.1 Polearms
 - Level 0.6 Armour
 + Level 2.8 Dodging
 - Level 2.0 Spellcasting
 - Level 3.2 Charms


You had 3 spell levels left.
You knew the following spells:

 Your Spells              Type           Power        Failure   Level  Hunger
a - Infusion              Chrm           #...         10%         1    ##.....

Your spell library contained the following spells:

 Spells                   Type           Power        Failure   Level  Hunger
 Song of Slaying          Chrm           #.......     14%         2    ###....
 Shroud of Golubria       Chrm/Tloc      #.........   28%         2    ###....
 Regeneration             Chrm/Necr      #.........   50%         3    ####...
 Spectral Weapon          Hex/Chrm       #.......     50%         3    ####...


Dungeon Overview and Level Annotations

Branches:
Dungeon (1/15)

Altars:


Message History

You hit the jackal.
You kill the jackal!
The jackal bites you.
* * * LOW HITPOINT WARNING * * *
The jackal bites you but does no damage.
A frilled lizard comes into view.
The jackal bites you but does no damage.
The jackal bites you.
* * * LOW HITPOINT WARNING * * *
The jackal misses you.
You see here a jackal corpse.
Unknown command.
You closely miss the jackal. The jackal misses you.
The jackal closely misses you.
The frilled lizard hisses angrily.
You hit the jackal. The jackal barely misses you.
The frilled lizard misses you.
You closely miss the frilled lizard. The jackal closely misses you.
You hit the frilled lizard.
You kill the frilled lizard!
The jackal misses you. The jackal closely misses you.
You miss the jackal. The jackal completely misses you.
You hit the jackal. The jackal bites you.
* * * LOW HITPOINT WARNING * * *
The jackal bites you but does no damage.
Found 5 gold pieces and a ring mail.
You hit the jackal.
The jackal bites you but does no damage.
You completely miss the jackal. The jackal closely misses you.
The jackal misses you.
You closely miss the jackal.
The jackal bites you but does no damage.
The jackal barely misses you. x2
You hit the jackal. The jackal barely misses you.
The jackal bites you but does no damage.
You barely miss the jackal. The jackal closely misses you.
The jackal bites you but does no damage.
You barely miss the jackal. The jackal barely misses you.
The jackal bites you but does no damage.
The jackal bites you.
* * * LOW HITPOINT WARNING * * *
You closely miss the jackal. The jackal bites you.
* * * LOW HITPOINT WARNING * * *
The jackal closely misses you. x2
You closely miss the jackal. The jackal bites you.
* * * LOW HITPOINT WARNING * * *
The jackal bites you but does no damage.
You hit the jackal but do no damage. The jackal barely misses you.
The jackal bites you.
You die...

#............# ##
#............#
... ............#
..######........#
...##....######
.#.####.##..###
.......h.†..#
....##.##h## .
#.h@.# #..###
...... ..$......
.[.........
............
.............
..............


You could see 2 jackals.

Vanquished Creatures
  A jackal (D:1)
  A frilled lizard (D:1)
2 creatures vanquished.

Notes
Turn   | Place    | Note
-------+----------+-------------------------------------------
     0 | D:1      | MalarOregon the Merfolk Skald began the quest for the Orb.
     0 | D:1      | Reached XP level 1. HP: 16/16 MP: 3/3
    34 | D:1      | Slain by a jackal

Action                   || total
-------------------------++-------
Melee: Spear             ||    20
Armor: Leather armour    ||    10
Dodge: Dodged            ||    22
